BSA
AUSTIN RIVER SHARKS @ NEW ORLEANS LOOTERS
08/18/2024
 
TOP OF THE 1ST
Austin River Sharks batting - Pitching for New Orleans Looters : RHP Bartolo González
Pitching: RHP Bartolo González
Batting: RHB Clark Hodge 0-0: Called Strike
0-1: SINGLE (Groundball, 56D) (infield hit)
Batting: RHB Edouard Padovano 0-0: Called Strike
0-1: Ball
1-1: Ball
2-1: Foul Ball, location: 2F
2-2: Grounds into double play, 1-6-3 (Groundball, 13S)
Batting: LHB Pedro Zaragoza 0-0: Called Strike
0-1: Ball
1-1: SINGLE (Line Drive, 9LS)
Batting: LHB Roberto García 0-0: Called Strike
Pedro Zaragoza steals 2nd base
0-1: Ball
1-1: Ball
2-1: Ball
3-1: Base on Balls
Batting: SHB Juan Castro 0-0: Swinging Strike
0-1: Ball
1-1: Called Strike
1-2: Ball
2-2: Ball
3-2: Base on Balls
Pedro Zaragoza to third
Roberto García to second
Batting: RHB Rich Ruffin 0-0: Called Strike
0-1: Ball
1-1: Called Strike
1-2: Ball
2-2: Ball
3-2: Strikes out swinging
Top of the 1st over - 0 run(s), 2 hit(s), 0 error(s), 3 left on base; Austin 0 - New Orleans 0
BOTTOM OF THE 1ST
New Orleans Looters batting - Pitching for Austin River Sharks : LHP Carlos López
Pitching: LHP Carlos López
Batting: RHB Francisco Ibarra 0-0: Fly out, F3 (Popup, 3SF)
Batting: RHB Dave O'Loan 0-0: Ball
1-0: SINGLE (Flyball, 8LS) - OUT at second base trying to stretch hit.
Batting: RHB Stephen Shaw 0-0: Called Strike
0-1: Called Strike
0-2: Fly out, F7 (Flyball, 7M)
Bottom of the 1st over - 0 run(s), 1 hit(s), 0 error(s), 0 left on base; Austin 0 - New Orleans 0
TOP OF THE 2ND
Austin River Sharks batting - Pitching for New Orleans Looters : RHP Bartolo González
Batting: RHB Kenneth Roberts 0-0: Ball
1-0: Foul Ball, location: 2F
1-1: Ground out 6-3 (Groundball, 6)
Batting: RHB José Balina 0-0: Bunted foul
0-1: Ball
1-1: Foul Ball, location: 2F
1-2: Foul Ball, location: 2F
1-2: Ball
2-2: Foul Ball, location: 2F
2-2: Ground out 5-3 (Groundball, 56S)
Batting: LHB Terry Maloney 0-0: Called Strike
0-1: Called Strike
0-2: Ball
1-2: Foul Ball, location: 2F
1-2: Foul Ball, location: 2F
1-2: Foul Ball, location: 2F
1-2: Foul Ball, location: 2F
1-2: Foul Ball, location: 2F
1-2: Ball
2-2: Foul Ball, location: 2F
2-2: Ball
3-2: Ground out 4-3 (Groundball, 4)
Top of the 2nd over - 0 run(s), 0 hit(s), 0 error(s), 0 left on base; Austin 0 - New Orleans 0
BOTTOM OF THE 2ND
New Orleans Looters batting - Pitching for Austin River Sharks : LHP Carlos López
Batting: SHB Oliver Deleón 0-0: Ball
1-0: SINGLE (Line Drive, 34)
Batting: RHB Jimmy Simon 0-0: Fly out, F7 (Line Drive, 7M)
Batting: RHB Dominic Turner 0-0: Swinging Strike
0-1: Called Strike
0-2: Fly out, F7 (Line Drive, 7D)
Batting: RHB Diego Rivera 0-0: Called Strike
0-1: Ground out 1-3 (Groundball, 15)
Bottom of the 2nd over - 0 run(s), 1 hit(s), 0 error(s), 1 left on base; Austin 0 - New Orleans 0
TOP OF THE 3RD
Austin River Sharks batting - Pitching for New Orleans Looters : RHP Bartolo González
Batting: RHB Clark Hodge 0-0: Foul Ball, location: 2F
0-1: Fly out, F4 (Line Drive, 4)
Batting: RHB Edouard Padovano 0-0: Called Strike
0-1: Ball
1-1: Called Strike
1-2: Foul Ball, location: 2F
1-2: Ground out 6-3 (Groundball, 6)
Batting: LHB Pedro Zaragoza 0-0: Ball
1-0: Ground out U3 (Groundball, 3)
Top of the 3rd over - 0 run(s), 0 hit(s), 0 error(s), 0 left on base; Austin 0 - New Orleans 0
BOTTOM OF THE 3RD
New Orleans Looters batting - Pitching for Austin River Sharks : LHP Carlos López
Batting: RHB António Yánez 0-0: Called Strike
0-1: SINGLE (Popup, 8RS)
Batting: LHB Miguel Colón 0-0: Ball
1-0: Called Strike
1-1: DOUBLE (Line Drive, 7LM)
António Yánez to third
Runner from 3rd tries for Home, SAFE, no throw or cutoff
Batting: RHB Francisco Ibarra 0-0: Called Strike
0-1: Foul Ball, location: 2F
0-2: Strikes out swinging
Batting: RHB Dave O'Loan 0-0: Ball
1-0: Ball
2-0: Ball
3-0: Base on Balls
Batting: RHB Stephen Shaw 0-0: Ball
1-0: Ball
2-0: Ball
3-0: Called Strike
3-1: Base on Balls
Miguel Colón to third
Dave O'Loan to second
Batting: SHB Oliver Deleón 0-0: Called Strike
0-1: Grounds into double play, 5-4-3 (Groundball, 56)
Bottom of the 3rd over - 1 run(s), 2 hit(s), 0 error(s), 2 left on base; Austin 0 - New Orleans 1
TOP OF THE 4TH
Austin River Sharks batting - Pitching for New Orleans Looters : RHP Bartolo González
Batting: LHB Roberto García 0-0: Ball
1-0: Ball
2-0: Ground out 5-3 (Groundball, 56)
Batting: SHB Juan Castro 0-0: Foul Ball, location: 2F
0-1: Called Strike
0-2: Strikes out swinging
Batting: RHB Rich Ruffin 0-0: Ball
1-0: Foul Ball, location: 2F
1-1: Ground out 5-3 (Groundball, 56S)
Top of the 4th over - 0 run(s), 0 hit(s), 0 error(s), 0 left on base; Austin 0 - New Orleans 1
BOTTOM OF THE 4TH
New Orleans Looters batting - Pitching for Austin River Sharks : LHP Carlos López
Batting: RHB Jimmy Simon 0-0: Ball
1-0: Ground out 2-3 (Groundball, 23)
Batting: RHB Dominic Turner 0-0: Foul Ball, location: 2F
0-1: Swinging Strike
0-2: Ball
1-2: Ball
2-2: Foul Ball, location: 2F
2-2: Foul Ball, location: 2F
2-2: Fly out, F7 (Flyball, 7M)
Batting: RHB Diego Rivera 0-0: Called Strike
0-1: Ground out 2-3 (Groundball, 25)
Bottom of the 4th over - 0 run(s), 0 hit(s), 0 error(s), 0 left on base; Austin 0 - New Orleans 1
TOP OF THE 5TH
Austin River Sharks batting - Pitching for New Orleans Looters : RHP Bartolo González
Batting: RHB Kenneth Roberts 0-0: Ground out 5-3 (Groundball, 5S)
Batting: RHB José Balina 0-0: Ball
1-0: Swinging Strike
1-1: Ball
2-1: Ball
3-1: Base on Balls
Batting: LHB Terry Maloney 0-0: Grounds into double play, 4-6-3 (Groundball, 4)
Top of the 5th over - 0 run(s), 0 hit(s), 0 error(s), 0 left on base; Austin 0 - New Orleans 1
BOTTOM OF THE 5TH
New Orleans Looters batting - Pitching for Austin River Sharks : LHP Carlos López
Batting: RHB António Yánez 0-0: Ball
1-0: Ball
2-0: Called Strike
2-1: Foul Ball, location: 2F
2-2: Ball
3-2: SINGLE (Groundball, 4MD)
Batting: LHB Miguel Colón 0-0: Ball
1-0: Foul Ball, location: 2F
1-1: Foul Ball, location: 2F
1-2: Foul Ball, location: 2F
1-2: Grounds into double play, 4-6-3 (Groundball, 4)
Batting: RHB Francisco Ibarra 0-0: Ball
1-0: Called Strike
1-1: Ball
2-1: Ground out 6-3 (Groundball, 6M)
Bottom of the 5th over - 0 run(s), 1 hit(s), 0 error(s), 0 left on base; Austin 0 - New Orleans 1
TOP OF THE 6TH
Austin River Sharks batting - Pitching for New Orleans Looters : RHP Bartolo González
Batting: RHB Clark Hodge 0-0: Called Strike
0-1: Called Strike
0-2: Strikes out looking
Batting: RHB Edouard Padovano 0-0: SINGLE (Line Drive, 56)
Batting: LHB Pedro Zaragoza 0-0: Foul Ball, location: 2F
0-1: Swinging Strike
0-2: Grounds into double play, 6-4-3 (Groundball, 6M)
Top of the 6th over - 0 run(s), 1 hit(s), 0 error(s), 0 left on base; Austin 0 - New Orleans 1
BOTTOM OF THE 6TH
New Orleans Looters batting - Pitching for Austin River Sharks : LHP Carlos López
Batting: RHB Dave O'Loan 0-0: Ground out 5-3 (Groundball, 5S)
Batting: RHB Stephen Shaw 0-0: Ball
1-0: Ball
2-0: Called Strike
2-1: Fly out, F3 (Popup, 3F)
Batting: SHB Oliver Deleón 0-0: Foul Ball, location: 2F
0-1: Fly out, F9 (Flyball, 9M)
Bottom of the 6th over - 0 run(s), 0 hit(s), 0 error(s), 0 left on base; Austin 0 - New Orleans 1
TOP OF THE 7TH
Austin River Sharks batting - Pitching for New Orleans Looters : RHP Bartolo González
Batting: LHB Roberto García 0-0: Called Strike
0-1: Ball
1-1: Ball
2-1: Ball
3-1: Called Strike
3-2: Foul Ball, location: 2F
3-2: Base on Balls
Batting: SHB Juan Castro 0-0: Ball
1-0: SINGLE (Line Drive, 4D)
Roberto García to second
Batting: RHB Rich Ruffin 0-0: Bunt missed!
0-1: Ball
1-1: Sac Bunt - play at first, batter OUT! 1-4
Roberto García to third
Juan Castro to second
Batting: RHB Kenneth Roberts 0-0: Ball
1-0: Ball
2-0: Foul Ball, location: 2F
2-1: Ball
3-1: Base on Balls
Batting: RHB José Balina 0-0: Called Strike
0-1: Swinging Strike
0-2: Strikes out looking
Batting: LHB Terry Maloney 0-0: Ball
1-0: Called Strike
1-1: Called Strike
1-2: Ball
2-2: Foul Ball, location: 2F
2-2: Ball
3-2: Base on Balls
Roberto García scores
Juan Castro to third
Kenneth Roberts to second
Pitching: RHP Ricardo Pérez
Pinch Hitting: LHB Miguel Pérez 0-0: Foul Ball, location: 2F
0-1: Swinging Strike
0-2: Ball
1-2: Ball
2-2: Ball
3-2: Base on Balls
Juan Castro scores
Kenneth Roberts to third
Terry Maloney to second
Batting: RHB Edouard Padovano 0-0: Called Strike
0-1: Foul Ball, location: 2F
0-2: Ball
1-2: Strikes out swinging
Top of the 7th over - 2 run(s), 1 hit(s), 0 error(s), 3 left on base; Austin 2 - New Orleans 1
BOTTOM OF THE 7TH
New Orleans Looters batting - Pitching for Austin River Sharks : LHP Carlos López
Now in CF: Miguel Pérez
Batting: RHB Jimmy Simon 0-0: Ball
1-0: Ground out 4-3 (Groundball, 4M)
Batting: RHB Dominic Turner 0-0: Ball
1-0: Ground out 5-3 (Groundball, 56S)
Batting: RHB Diego Rivera 0-0: Ball
1-0: Foul Ball, location: 2F
1-1: Called Strike
1-2: Fly out, F3 (Popup, 3SF)
Bottom of the 7th over - 0 run(s), 0 hit(s), 0 error(s), 0 left on base; Austin 2 - New Orleans 1
TOP OF THE 8TH
Austin River Sharks batting - Pitching for New Orleans Looters : RHP Ricardo Pérez
Batting: LHB Pedro Zaragoza 0-0: Ball
1-0: Called Strike
1-1: Ground out 2-3 (Groundball, 2L)
Batting: LHB Roberto García 0-0: Called Strike
0-1: Ball
1-1: Ball
2-1: SINGLE (Groundball, 34)
Batting: SHB Juan Castro 0-0: Ball
1-0: Foul Ball, location: 2F
1-1: Ball
2-1: Called Strike
2-2: SINGLE (Groundball, 34D)
Roberto García to second
Runner from 2nd tries for 3rd, SAFE, no throw or cutoff
Batting: RHB Rich Ruffin 0-0: Ball
1-0: Called Strike
1-1: Ball
2-1: SINGLE (Groundball, 4MD)
Roberto García scores
Juan Castro to second
Batting: RHB Kenneth Roberts 0-0: Ball
1-0: Called Strike
1-1: Grounds into double play, 6-4-3 (Groundball, 6)
Top of the 8th over - 1 run(s), 3 hit(s), 0 error(s), 1 left on base; Austin 3 - New Orleans 1
BOTTOM OF THE 8TH
New Orleans Looters batting - Pitching for Austin River Sharks : LHP Carlos López
Batting: RHB António Yánez 0-0: Called Strike
0-1: Ball
1-1: Called Strike
1-2: DOUBLE (Line Drive, 9LD)
Batting: LHB Miguel Colón 0-0: Foul Ball, location: 2F
0-1: Called Strike
0-2: Ball
1-2: Ball
2-2: Foul Ball, location: 2F
2-2: Ball
3-2: Strikes out looking
Batting: RHB Francisco Ibarra 0-0: Called Strike
0-1: Ball
1-1: Ball
2-1: Called Strike
2-2: Strikes out swinging
Batting: RHB Dave O'Loan 0-0: Called Strike
0-1: Ball
1-1: Ball
2-1: Swinging Strike
2-2: Foul Ball, location: 2F
2-2: Strikes out swinging
Bottom of the 8th over - 0 run(s), 1 hit(s), 0 error(s), 1 left on base; Austin 3 - New Orleans 1
TOP OF THE 9TH
Austin River Sharks batting - Pitching for New Orleans Looters : RHP Ricardo Pérez
Batting: RHB José Balina 0-0: Ball
1-0: Fly out, F8 (Flyball, 8LD)
Batting: LHB Terry Maloney 0-0: Called Strike
0-1: Ball
1-1: Ball
2-1: Swinging Strike
2-2: Foul Ball, location: 2F
2-2: Foul Ball, location: 2F
2-2: Ground out 1-3 (Groundball, 13)
Batting: LHB Miguel Pérez 0-0: Called Strike
0-1: Ball
1-1: Fly out, F8 (Flyball, 8RS)
Top of the 9th over - 0 run(s), 0 hit(s), 0 error(s), 0 left on base; Austin 3 - New Orleans 1
BOTTOM OF THE 9TH
New Orleans Looters batting - Pitching for Austin River Sharks : LHP Carlos López
Pitching: RHP Armen Boyajian
Batting: RHB Stephen Shaw 0-0: Foul Ball, location: 2F
0-1: Ball
1-1: SINGLE (Popup, 4MD)
Batting: SHB Oliver Deleón 0-0: Grounds into double play, 5-4-3 (Groundball, 56)
Batting: RHB Jimmy Simon 0-0: Ball
1-0: Called Strike
1-1: Ground out 5-3 (Groundball, 5)
Bottom of the 9th over - 0 run(s), 1 hit(s), 0 error(s), 0 left on base; Austin 3 - New Orleans 1
This league is powered by Out of the Park Baseball, the baseball management simulation game for PC, Mac and Linux
Saturday, April 9th, 2016 - OOTP Baseball 16.8 Build 38